Map: Ascension to Aiur LE

Players

DnS - Winner!

  • Race: Protoss Protoss
  • Spawn Location: 11:00

ZenedoR

  • Race: Zerg Zerg
  • Spawn Location: 5:00

Event: WCS Montreal 2017

VOD

Have the link to the VOD?

Description

Time

  • Played on: Sept. 8, 2017, 1:12 p.m.
  • Length: 7:52

All games in this series

Show
View Real Time Build Order
Export as new Build Order

DnS Protoss - Winner!

Build Orders: 1 Gate Expand, Oracle Opening, Phoenix Opening, Zealot Archon, Archon Drop 

Get SALT Encoding   

  12  0:00  Probe (Chrono Boost)  
  13  0:11  Probe (Chrono Boost)  
  14  0:17  Pylon  
  14  0:22  Probe (Chrono Boost)  
  15  0:35  Probe (Chrono Boost)  
  16  0:38  Gateway  
  16  0:46  Probe (Chrono Boost)  
  16  0:47  Assimilator  
  17  0:56  Probe (Chrono Boost)  
  18  1:07  Probe (Chrono Boost)  
  19  1:20  Nexus  
  19  1:23  Probe (Chrono Boost)  
  20  1:32  Cybernetics Core  
  20  1:36  Probe (Chrono Boost)  
  21  1:40  Assimilator  
  21  1:47  Probe (Chrono Boost)  
  21  1:50  Pylon  
  22  1:57  Probe (Chrono Boost)  
  24  2:08  Probe, Adept (Chrono Boost)  
  24  2:09  Warp Gate  
  26  2:20  Probe  
  27  2:30  Probe, Stargate  
  27  2:32  Probe  
  27  2:35  Adept (Chrono Boost)  
  31  2:41  Probe (Chrono Boost)  
  32  2:44  Probe (Chrono Boost)  
  33  2:53  Probe (Chrono Boost)  
  33  2:56  Probe (Chrono Boost)  
  35  3:00  Adept  
  35  3:03  Probe (Chrono Boost)  
  35  3:04  Gateway  
  38  3:07  Probe (Chrono Boost)  
  39  3:12  Probe (Chrono Boost)  
  39  3:14  Oracle (Chrono Boost)  
  39  3:16  Pylon  
  43  3:20  Probe  
  43  3:23  Probe  
  45  3:28  Gateway  
  45  3:32  Probe  
  45  3:33  Probe  
  46  3:36  Pylon  
  46  3:40  Assimilator  
  47  3:41  Assimilator  
  47  3:44  Probe x2  
  49  3:49  Phoenix (Chrono Boost)  
  49  3:54  Probe  
  51  3:56  Probe  
  51  4:01  Robotics Facility  
  53  4:05  Probe  
  53  4:09  Probe  
  55  4:13  Twilight Council  
  55  4:14  Forge  
  55  4:20  Oracle (Chrono Boost)  
  55  4:22  Probe  
  59  4:28  Pylon  
  59  4:37  Protoss Ground Weapons Level 1  
  59  4:43  Nexus  
  59  4:44  Pylon  
  59  4:52  Charge (Chrono Boost)  
  59  4:55  Warp Prism  
  63  5:00  Mothership Core  
  63  5:12  Gateway x2  
  63  5:16  Templar Archives  
  63  5:18  Gateway  
  63  5:23  Gateway  
  63  5:27  Gateway  
  63  5:29  Probe  
  63  5:31  Probe  
  65  5:40  Zealot x3  
  71  5:45  Probe x2  
  71  5:47  Pylon  
  73  5:50  Pylon  
  73  5:57  Probe  
  73  5:58  Probe x2  
  73  6:02  Pylon  
  76  6:10  High Templar x4, Probe  
  85  6:11  Zealot  
  85  6:12  Probe  
  85  6:14  Probe  
  85  6:15  Archon x2  
  89  6:18  Zealot  
  89  6:19  Pylon  
  89  6:21  Zealot  
  93  6:28  Probe  
  93  6:29  Probe x2  
  96  6:36  Zealot x2  
  96  6:39  Probe  
  95  6:41  Zealot x2  
  95  6:45  Zealot x3  
  104  6:51  Probe  
  105  6:59  Probe, High Templar x2  
  105  7:00  Probe  
  111  7:02  Assimilator  
  111  7:03  Probe, Archon  
  111  7:04  Assimilator  
  111  7:07  Zealot x3  
  118  7:09  Probe  
  117  7:23  Zealot x2  
  117  7:24  Zealot  
  117  7:29  Probe  
  123  7:30  Probe, Pylon  
  113  7:37  Zealot x3  
  113  7:38  Zealot x2  
  117  7:47  High Templar x2  
  117  7:48  Zealot  
Show
View Real Time Build Order
Export as new Build Order

ZenedoR Zerg 

Build Orders: Hatch First 

Get SALT Encoding   

  12  0:01  Drone  
  13  0:12  Overlord  
  13  0:17  Drone  
  14  0:30  Drone x2  
  14  0:35  Drone  
  17  0:51  Hatchery  
  17  0:55  Drone  
  17  0:58  Drone  
  18  1:09  Extractor  
  17  1:12  Spawning Pool  
  17  1:15  Drone  
  17  1:19  Drone  
  18  1:31  Drone  
  19  1:42  Overlord  
  19  1:59  Queen  
  21  2:02  Zergling x2  
  21  2:03  Zergling x2  
  23  2:10  Queen  
  23  2:12  Drone  
  23  2:13  Metabolic Boost  
  26  2:17  Drone x2  
  26  2:21  Drone  
  29  2:25  Drone  
  30  2:38  Queen  
  32  2:46  Hatchery  
  31  2:54  Drone x3  
  34  2:59  Overlord  
  34  3:01  Drone  
  34  3:03  Drone  
  36  3:16  Overlord  
  36  3:17  Drone  
  36  3:18  Drone x3  
  40  3:27  Queen  
  40  3:28  Drone x2  
  44  3:35  Spore Crawler  
  44  3:36  Spore Crawler  
  44  3:41  Drone x3  
  45  3:51  Overlord  
  45  3:52  Drone x4  
  49  3:56  Extractor  
  49  3:58  Lair  
  48  4:08  Queen  
  49  4:11  Drone x2  
  51  4:23  Drone x10  
  61  4:27  Extractor  
  61  4:31  Evolution Chamber  
  59  4:37  Roach Warren  
  57  4:47  Overlord x3  
  57  4:54  Overlord x2  
  57  4:57  Zerg Missile Weapons Level 1  
  57  5:01  Overlord  
  57  5:05  Queen  
  59  5:11  Drone x2  
  59  5:12  Drone  
  59  5:13  Drone  
  59  5:14  Drone x3  
  64  5:15  Drone x3  
  64  5:17  Glial Reconstitution  
  69  5:22  Hydralisk Den, Drone x3  
  69  5:26  Spore Crawler  
  70  5:32  Overlord  
  70  5:40  Extractor  
  69  5:43  Overlord x2  
  69  5:44  Overlord  
  69  5:45  Drone x3  
  69  5:47  Extractor, Drone  
  72  5:51  Muscular Augments  
  72  5:52  Drone x3  
  72  5:54  Overlord  
  72  5:55  Overseer  
  75  5:58  Pneumatized Carapace  
  75  6:02  Roach  
  75  6:03  Roach x3  
  79  6:12  Drone x3  
  79  6:13  Drone  
  79  6:14  Drone  
  84  6:19  Hydralisk x2  
  84  6:20  Hydralisk x3  
  94  6:29  Hydralisk x3  
  100  6:36  Hydralisk  
  97  6:44  Roach x4  
  90  6:52  Roach  
  90  6:53  Roach x2  
  83  6:59  Roach  
  83  7:00  Roach x2  
  83  7:13  Roach x3  
  87  7:26  Hydralisk x2  
  83  7:32  Roach  
  83  7:33  Roach  
Tags
 
Add a new tag
Caveats
  • Supply blocks, unpowered buildings, or Contaminate may cause inaccurate times.
  • Supply counts are checked every 10 seconds.